Map: NeoHumanity LE

Players

Well

  • Race: Terran Terran
  • League: Master
  • Spawn Location: 5:00

Krodin - Winner!

  • Race: Protoss Protoss
  • League: Master
  • Spawn Location: 11:00

VOD

Have the link to the VOD?

Description

Time

  • Played on: June 30, 2023, 4:39 a.m.
  • Length: 27:45
Show
View Real Time Build Order
Export as new Build Order

Well Terran 

Build Orders:  

Get SALT Encoding   

  12  0:00  SCV  
  13  0:12  SCV  
  14  0:17  Supply Depot  
  14  0:25  SCV  
  15  0:38  SCV  
  15  0:40  Barracks  
  16  0:44  Refinery  
  16  0:50  SCV  
  17  1:02  SCV  
  18  1:15  SCV  
  19  1:27  Marine  
  19  1:28  Orbital Command  
  20  1:44  Command Center  
  20  1:48  Barracks Reactor  
  20  1:55  Supply Depot  
  20  1:56  SCV  
  21  2:05  Barracks  
  21  2:10  SCV  
  22  2:20  Barracks  
  22  2:22  SCV  
  23  2:25  Marine  
  23  2:26  Marine  
  25  2:32  Bunker  
  25  2:37  SCV  
  25  2:43  Marine  
  27  2:44  Marine  
  28  2:53  Barracks Tech Lab  
  28  2:58  Orbital Command  
  28  3:02  Marine  
  28  3:03  Marine  
  30  3:09  Barracks Tech Lab  
  30  3:13  SCV  
  30  3:16  Marine  
  30  3:17  Stimpack  
  32  3:21  Engineering Bay  
  32  3:24  SCV  
  32  3:25  SCV  
  34  3:28  Marine  
  34  3:30  Marine x2  
  37  3:36  Marine  
  37  3:37  SCV x2  
  37  3:39  Combat Shield  
  40  3:49  Marine x2, SCV  
  40  3:53  Marauder  
  45  3:58  Missile Turret  
  45  4:02  SCV  
  46  4:03  Missile Turret  
  46  4:08  Supply Depot, SCV  
  46  4:09  Marauder  
  49  4:10  Marine x2  
  49  4:14  SCV  
  52  4:18  Marine  
  52  4:21  SCV  
  54  4:29  Marine x2, SCV  
  54  4:30  Supply Depot  
  57  4:32  Marauder  
  61  4:42  Marine  
  61  4:44  SCV x2  
  62  4:51  Factory  
  62  4:52  Refinery x2  
  62  4:53  Supply Depot  
  62  4:56  Marine, SCV  
  62  4:57  Marine x2  
  65  5:03  SCV  
  66  5:08  Concussive Shells, SCV  
  67  5:15  SCV  
  66  5:23  Marine x4  
  54  5:36  SCV  
  54  5:38  Factory Reactor  
  54  5:39  Starport  
  54  5:41  Marine x2  
  54  5:42  Marauder  
  57  5:43  SCV  
  57  5:45  Bunker  
  57  5:48  SCV  
  59  5:51  Marauder  
  59  5:56  SCV  
  62  5:59  Command Center  
  62  6:00  Marine x2  
  62  6:03  Marauder  
  66  6:05  SCV  
  66  6:07  Terran Infantry Weapons Level 1  
  66  6:09  SCV  
  68  6:15  Marauder  
  68  6:18  Marine x2  
  70  6:20  Refinery  
  70  6:22  Medivac  
  70  6:25  Factory Reactor  
  74  6:27  Supply Depot  
  74  6:28  Medivac  
  76  6:38  SCV  
  77  6:42  Barracks  
  77  6:43  Engineering Bay, Barracks  
  77  6:45  Marine  
  78  6:48  Marine, Marauder x2  
  78  6:49  Supply Depot, SCV  
  78  6:50  Supply Depot, SCV  
  84  7:01  SCV  
  84  7:02  SCV  
  86  7:11  Supply Depot, Medivac x2, Widow Mine x2  
  86  7:13  Supply Depot  
  94  7:17  SCV  
  97  7:23  Orbital Command, Marauder x2  
  99  7:32  Widow Mine x2  
  99  7:33  Barracks Tech Lab, Barracks Reactor  
  103  7:44  Marine x3, Marauder  
  106  7:48  SCV  
  106  7:49  Supply Depot, Orbital Command, Terran Infantry Armor Level 1  
  106  7:51  Marine  
  110  7:52  Armory  
  110  8:01  Marine  
  110  8:02  Marine x2, Widow Mine  
  110  8:03  Widow Mine  
  110  8:05  Marine  
  118  8:08  Marine  
  119  8:18  SCV  
  120  8:20  SCV x2  
  120  8:21  Marine, Marauder  
  120  8:23  Marauder  
  120  8:24  Supply Depot  
  120  8:25  Marine x2  
  120  8:26  Supply Depot, Medivac, Widow Mine x2  
  137  8:27  Marauder  
  137  8:30  Marine, SCV  
  137  8:31  Supply Depot x2  
  137  8:32  Medivac  
  141  8:46  Marine x4, Marauder  
  141  8:47  Terran Infantry Weapons Level 2  
  141  8:48  Marine x2  
  141  9:07  Viking x2  
  141  9:09  SCV x3  
  148  9:12  Refinery  
  148  9:13  Refinery  
  146  9:27  Marauder x2  
  146  9:28  Marauder  
  152  9:31  SCV  
  152  9:37  SCV, Viking x2  
  158  9:40  SCV  
  158  9:43  SCV  
  158  9:45  Missile Turret  
  158  9:46  Missile Turret  
  158  9:49  Marauder  
  158  9:51  Marine x2, Marauder x2  
  166  9:55  Terran Infantry Armor Level 2  
  166  9:57  Factory, SCV  
  167  10:01  Supply Depot  
  167  10:05  Missile Turret  
  167  10:06  Missile Turret  
  167  10:12  Marine, Marauder  
  167  10:13  Terran Ship Weapons Level 1  
  165  10:17  Viking  
  165  10:18  Viking  
  165  10:19  Marauder x2  
  169  10:23  SCV  
  168  10:47  Marauder x2  
  168  10:48  Viking x2  
  176  10:53  Starport, Command Center  
  176  10:59  Ghost Academy, Unknown  
  176  11:00  Marine  
  176  11:01  Marine x2, Marauder  
  181  11:09  Supply Depot  
  181  11:10  Supply Depot  
  181  11:14  Marine  
  181  11:15  Marauder x2  
  180  11:27  Marine  
  180  11:28  Marauder  
  180  11:29  Viking  
  177  11:36  Marauder x2  
  152  11:50  Marine x2, Marauder, Liberator  
  152  11:51  Liberator x2  
  152  11:52  SCV  
  142  11:58  Marauder x2  
  142  11:59  Fusion Core  
  138  12:02  Medivac  
  140  12:10  Ghost  
  140  12:11  Marine  
  143  12:17  Refinery  
  143  12:18  Refinery, Ghost  
  143  12:19  Barracks, Marauder  
  143  12:22  Barracks  
  147  12:23  Barracks  
  147  12:24  Terran Infantry Weapons Level 3  
  147  12:26  Terran Ship Weapons Level 2  
  147  12:27  Marine x3  
  150  12:31  Medivac  
  150  12:32  SCV  
  150  12:34  Planetary Fortress  
  150  12:35  SCV  
  154  12:42  Medivac x2  
  154  12:43  SCV  
  159  12:45  Missile Turret, SCV  
  159  12:49  Missile Turret  
  160  12:59  Marauder x2  
  160  13:04  SCV  
  165  13:06  Advanced Ballistics  
  165  13:07  Marauder  
  165  13:08  Marine x2  
  169  13:20  Marine  
  169  13:21  Marauder x2  
  169  13:25  Barracks Tech Lab x2, Command Center  
  169  13:26  Barracks Reactor  
  174  13:29  Marauder  
  174  13:30  Medivac x2, Liberator  
  174  13:31  Liberator  
  186  13:42  Marauder x2  
  190  13:52  Marine, Marauder x2  
  195  14:05  Ghost x2  
  196  14:19  Marauder x2  
  200  14:39  Rapid Reignition System  
  199  14:56  Marine  
  200  15:06  Terran Infantry Armor Level 3  
  200  15:09  Terran Vehicle And Ship Armor Level 1  
  178  15:38  Marine  
  178  15:39  Marine x2, Marauder x4, Liberator  
  178  15:40  Liberator  
  137  15:45  Marine  
  137  15:46  Marine, Marauder  
  137  15:47  Marine  
  126  15:51  Liberator x2  
  126  15:53  SCV  
  126  15:55  Planetary Fortress, SCV x2  
  126  15:56  Marine x2  
  126  15:57  Marine  
  133  16:00  Marauder x2  
  133  16:01  Marauder x2  
  133  16:03  Marine  
  135  16:04  Marine x2, Widow Mine  
  135  16:05  SCV  
  135  16:07  Marauder  
  142  16:11  Neosteel Armor  
  142  16:14  Marine x3  
  142  16:16  Missile Turret  
  145  16:20  Missile Turret  
  145  16:21  Marine x3  
  145  16:22  Missile Turret, Marauder x2, SCV, Liberator x2  
  145  16:23  Missile Turret  
  145  16:25  Missile Turret  
  159  16:26  Widow Mine  
  161  16:34  Marine, Liberator  
  161  16:35  Marine x2, Marauder  
  161  16:37  Marine x2  
  161  16:38  Liberator  
  161  16:39  SCV  
  177  16:40  Marauder  
  177  16:42  Marine  
  177  16:43  Unknown  
  177  16:45  Ghost  
  177  16:46  Ghost, Marauder  
  184  16:50  Command Center, Widow Mine  
  184  16:51  Widow Mine  
  184  16:52  SCV  
  189  16:55  Ghost  
  189  16:59  Marine  
  189  17:00  Ghost  
  185  17:04  Missile Turret  
  185  17:05  Terran Vehicle And Ship Armor Level 2, Liberator, Viking  
  185  17:07  Marauder  
  190  17:12  Marine  
  191  17:17  Viking  
  183  17:28  Marine, Ghost x2  
  183  17:29  Medivac, Marine, Marauder x2  
  195  17:33  Widow Mine  
  195  17:35  Liberator  
  200  17:52  Command Center  
  170  18:05  Marauder  
  170  18:06  Marauder  
  170  18:07  Marine, Marauder  
  170  18:08  Marauder x2  
  146  18:30  Marine  
  146  18:31  Marine, Marauder x2  
  146  18:33  Marine  
  146  18:34  Marine, Marauder  
  130  18:42  Marauder x2  
  130  18:43  SCV  
  130  18:44  SCV  
  130  18:48  Marine  
  135  18:49  Liberator x2  
  135  18:52  Marauder  
  135  18:53  Marauder  
  145  18:56  Marauder  
  145  19:00  Marine x4  
  145  19:01  Marine  
  147  19:03  Marauder x2  
  147  19:06  Refinery  
  147  19:07  Refinery  
  151  19:13  Marine  
  151  19:14  Barracks, Marauder x2  
  158  19:17  Barracks, Marine, Marauder  
  158  19:19  Barracks  
  158  19:23  Marine x3  
  162  19:24  Orbital Command, Marauder x2  
  166  19:35  Marauder  
  166  19:37  Liberator x2  
  166  19:38  Marine, Marauder  
  177  19:39  Marauder  
  177  19:45  Ghost  
  176  19:46  Marine x2, Marauder  
  176  19:50  Marine  
  176  19:51  Marine  
  176  19:52  Widow Mine x2  
  185  19:56  Ghost  
  185  19:59  Ghost  
  186  20:00  Marauder  
  186  20:03  Marine, Orbital Command  
  187  20:07  Marauder  
  187  20:09  Marine  
  187  20:10  Marine x3  
  187  20:14  Marine, Marauder, Widow Mine x2  
  170  20:21  Marine, Marauder  
  170  20:24  Liberator x2, Ghost  
  170  20:26  Medivac  
  170  20:27  Marine x2, Ghost  
  170  20:28  Marine x2, Marauder  
  187  20:35  Widow Mine x2  
  187  20:36  Marauder  
  166  20:43  Marauder  
  166  20:44  Marine x2  
  166  20:45  Marine  
  166  20:48  Marine x2  
  160  20:50  Marauder  
  160  20:52  Marine  
  160  20:53  Medivac  
  160  20:54  Marauder  
  160  20:56  Widow Mine  
  160  20:57  Marauder x2, Widow Mine  
  165  21:04  Marauder  
  159  21:11  Marauder  
  159  21:13  Marine x2  
  159  21:14  Medivac x2  
  159  21:15  Medivac, Marauder  
  168  21:18  Marauder x2  
  151  21:25  Marauder  
  151  21:28  Marine x2  
  151  21:29  Marine  
  151  21:30  SCV  
  154  21:33  Marauder  
  154  21:35  Ghost  
  154  21:39  Marine, Ghost  
  161  21:40  Marauder, Viking  
  161  21:44  Viking x2  
  161  21:46  Ghost  
  169  21:51  Terran Vehicle And Ship Armor Level 3  
  169  21:53  Ghost  
  171  21:55  Barracks Tech Lab  
  171  22:01  Marine x3, Marauder  
  174  22:02  Barracks Tech Lab, Barracks Reactor  
  174  22:05  Marauder  
  174  22:06  Marine x2  
  174  22:08  Marauder  
  178  22:15  Marauder  
  182  22:23  Marauder x2  
  182  22:27  Marine, Ghost x2  
  182  22:28  Marauder  
  182  22:29  SCV  
  176  22:45  Viking x3  
  147  23:03  Marine  
  147  23:04  Marauder x3  
  137  23:11  Marine x3, Marauder x2  
  137  23:12  Medivac, Marauder  
  145  23:13  Widow Mine x2  
  145  23:16  Medivac x2  
  151  23:22  Marine  
  151  23:23  Marine x5  
  151  23:25  Marine x3  
  152  23:32  Marine x4  
  152  23:33  Marine x2  
  143  23:39  Orbital Command  
  143  23:40  Marine  
  142  23:45  Marine x5  
  147  23:53  Marine  
  117  24:21  Marine x3  
  117  24:22  Marine x2, Marauder x5, Ghost x2  
  136  24:28  Marine x2  
  138  24:36  Marine  
  139  24:39  Marine x4, Widow Mine x2  
  139  24:40  Marine  
  139  24:42  Ghost  
  139  24:45  Marine  
  151  24:47  Marine  
  151  24:48  Marauder  
  154  24:56  Medivac x2  
  156  25:08  Marine x2, Ghost x3, Marauder  
  156  25:09  Marine x2, Marauder  
  156  25:12  SCV  
  156  25:13  SCV  
  170  25:26  Liberator  
  157  25:36  Ghost  
  157  25:37  Marine  
  148  25:52  Marine x2  
  121  26:18  Planetary Fortress, SCV x3  
  109  26:26  Marine  
  109  26:32  Marine, Ghost  
  111  26:33  Marine  
  92  26:43  Marine x2, Marauder  
  83  26:48  Marine x2, Marauder  
  83  26:51  Marine, Marauder  
  90  26:56  Marine  
  92  27:01  SCV x2  
  89  27:20  Marine  
  89  27:21  Marine x3, Marauder x3  
  89  27:22  Marine x3, Marauder x2  
  107  27:23  Marauder  
  109  27:32  SCV x2  
Show
View Real Time Build Order
Export as new Build Order

Krodin Protoss - Winner!

Build Orders: 1 Gate Expand, Blink Stalkers 

Get SALT Encoding   

  12  0:00  Probe  
  13  0:12  Probe  
  14  0:18  Pylon  
  14  0:24  Probe (Chrono Boost)  
  15  0:37  Probe (Chrono Boost), Gateway  
  16  0:45  Probe (Chrono Boost)  
  16  0:47  Assimilator  
  17  0:52  Probe  
  18  1:04  Probe  
  19  1:16  Probe  
  20  1:26  Cybernetics Core  
  20  1:34  Nexus  
  20  1:38  Probe  
  21  1:44  Pylon  
  21  1:50  Probe  
  21  1:52  Assimilator  
  22  2:00  Stalker (Chrono Boost)  
  22  2:02  Probe  
  22  2:06  Warp Gate  
  25  2:14  Probe  
  26  2:23  Stalker  
  26  2:26  Probe  
  29  2:36  Twilight Council  
  29  2:41  Probe (Chrono Boost)  
  30  2:45  Probe (Chrono Boost)  
  32  2:53  Robotics Facility  
  32  2:55  Probe x2 (Chrono Boost)  
  33  3:00  Probe (Chrono Boost)  
  33  3:02  Probe  
  35  3:06  Gateway  
  35  3:12  Probe, Blink (Chrono Boost)  
  36  3:15  Probe  
  37  3:24  Probe  
  39  3:27  Probe  
  39  3:30  Gateway  
  39  3:32  Gateway  
  39  3:36  Probe  
  39  3:38  Pylon  
  39  3:40  Observer  
  39  3:41  Probe  
  42  3:47  Pylon  
  42  3:48  Probe  
  43  3:51  Assimilator  
  43  3:53  Probe  
  44  3:56  Stalker  
  44  4:00  Probe  
  47  4:05  Warp Prism  
  47  4:08  Probe  
  50  4:12  Stalker  
  52  4:17  Pylon  
  52  4:19  Pylon  
  52  4:23  Stalker  
  54  4:27  Stalker  
  56  4:31  Observer, Stalker  
  56  4:35  Observer  
  56  4:36  Assimilator  
  58  4:40  Stalker  
  58  4:43  Probe x2  
  62  4:46  Pylon  
  62  4:55  Probe  
  63  5:02  Shield Battery  
  63  5:04  Pylon  
  63  5:05  Stalker x2  
  63  5:06  Stalker  
  69  5:08  Stalker  
  59  5:32  Stalker x3  
  63  5:37  Observer  
  63  5:40  Probe x2  
  65  5:48  Observer  
  65  5:52  Probe, Robotics Facility  
  65  5:53  Robotics Bay  
  65  5:55  Probe  
  67  6:01  Nexus  
  67  6:02  Pylon  
  67  6:04  Probe  
  67  6:05  Charge  
  68  6:12  Probe  
  68  6:13  Observer  
  68  6:14  Gateway  
  68  6:15  Gateway  
  68  6:16  Observer, Probe  
  70  6:21  Shield Battery  
  70  6:24  Probe  
  71  6:28  Probe  
  72  6:36  Probe  
  72  6:37  Colossus (Chrono Boost)  
  72  6:39  Colossus (Chrono Boost)  
  73  6:40  Probe  
  73  6:46  Extended Thermal Lance  
  86  6:50  Probe  
  86  6:52  Probe  
  88  6:57  Forge  
  88  7:00  Forge  
  88  7:02  Probe  
  89  7:08  Probe  
  89  7:11  Assimilator  
  89  7:14  Probe  
  91  7:17  Assimilator  
  91  7:18  Probe  
  91  7:20  Probe, Colossus (Chrono Boost)  
  93  7:23  Colossus (Chrono Boost)  
  93  7:29  Probe  
  106  7:30  Protoss Ground Weapons Level 1 (Chrono Boost), Protoss Ground Armor Level 1 (Chrono Boost)  
  106  7:33  Probe  
  107  7:38  Probe  
  108  7:45  Pylon  
  108  7:52  Probe, Pylon  
  108  7:53  Probe  
  110  7:59  Pylon  
  110  8:00  Probe  
  110  8:03  Zealot x5  
  110  8:04  Zealot  
  123  8:07  Pylon  
  123  8:11  Probe x2  
  126  8:12  Probe  
  125  8:26  Probe x3  
  125  8:27  Disruptor x2  
  128  8:28  Nexus  
  128  8:31  Pylon  
  128  8:32  Robotics Facility  
  134  8:37  Gateway  
  134  8:40  Gateway  
  134  8:41  Probe x2  
  134  8:42  Probe  
  137  8:53  Probe  
  137  8:54  Zealot x2, Probe  
  137  8:55  Zealot x4  
  139  9:06  Observer  
  138  9:12  Disruptor  
  138  9:14  Gravitic Boosters  
  138  9:15  Probe x2  
  143  9:17  Shield Battery  
  143  9:20  Shield Battery  
  143  9:22  Photon Cannon  
  143  9:24  Photon Cannon, Assimilator  
  143  9:25  Pylon  
  143  9:26  Assimilator  
  143  9:27  Disruptor  
  143  9:30  Protoss Ground Weapons Level 2 (Chrono Boost)  
  143  9:31  Disruptor  
  149  9:39  Probe, Pylon  
  149  9:40  Probe x2  
  149  9:44  Probe  
  149  9:45  Protoss Ground Armor Level 2 (Chrono Boost)  
  152  9:51  Probe  
  153  9:54  Probe  
  153  9:55  Zealot x6  
  153  9:56  Zealot  
  168  10:12  Probe x3  
  168  10:13  Probe  
  161  10:15  Stalker  
  161  10:16  Stalker x4  
  171  10:24  Probe  
  172  10:34  Pylon  
  172  10:35  Pylon  
  172  10:37  Pylon  
  172  10:39  Pylon  
  172  10:52  Probe x3, Robotics Facility  
  172  10:55  Robotics Facility  
  175  11:00  Dark Shrine  
  175  11:04  Templar Archives  
  175  11:06  Nexus  
  175  11:08  Probe x4  
  175  11:09  Pylon  
  179  11:12  Assimilator  
  179  11:14  Assimilator  
  179  11:18  Stalker x5  
  183  11:19  Stalker x3  
  183  11:20  Probe x4  
  190  11:32  Probe x2  
  191  11:36  Nexus  
  166  11:59  Protoss Ground Armor Level 3 (Chrono Boost), Protoss Ground Weapons Level 3 (Chrono Boost)  
  164  12:03  Probe  
  164  12:06  Nexus  
  165  12:15  Pylon  
  165  12:16  Pylon  
  165  12:19  Pylon  
  165  12:21  Pylon x2  
  165  12:24  Shadow Stride (Chrono Boost)  
  165  12:29  Gateway  
  165  12:30  Gateway  
  165  12:32  Gateway  
  165  12:33  Probe x3, Gateway  
  165  12:35  Gateway x2  
  168  12:40  Gateway  
  168  12:42  Gateway  
  168  12:45  Probe x2  
  168  12:46  Gateway  
  170  12:54  Shield Battery  
  170  12:56  Shield Battery  
  170  12:58  Photon Cannon x2  
  170  12:59  Probe x2, Pylon  
  170  13:03  Pylon  
  172  13:05  Pylon  
  172  13:15  Pylon  
  172  13:19  Probe  
  173  13:26  Disruptor x2  
  179  13:46  Nexus  
  179  13:48  Pylon  
  179  13:50  Pylon  
  179  13:52  Zealot x7  
  179  13:53  Zealot x2, Assimilator  
  197  13:55  Assimilator  
  197  13:56  Stalker  
  197  13:57  Observer  
  200  14:06  Stalker x2  
  197  14:21  Probe x3  
  200  14:34  Protoss Shields Level 1 (Chrono Boost)  
  200  14:44  Shield Battery  
  200  14:45  Photon Cannon  
  200  14:46  Shield Battery, Photon Cannon  
  200  14:49  Photon Cannon  
  200  15:04  Shield Battery  
  200  15:05  Shield Battery, Photon Cannon  
  200  15:07  Photon Cannon x2  
  113  15:51  Zealot x13  
  113  15:52  Zealot x2  
  137  16:04  Colossus  
  137  16:05  Colossus x3  
  137  16:08  Nexus  
  161  16:19  Pylon, Nexus  
  161  16:28  Stalker x10  
  181  16:35  Gateway  
  181  16:47  Resonating Glaives  
  181  16:52  Probe x2  
  181  16:53  Probe x3  
  186  16:58  Pylon  
  186  17:01  Shield Battery  
  186  17:02  Shield Battery  
  186  17:05  Pylon, Photon Cannon x2  
  186  17:08  Photon Cannon  
  186  17:10  Stalker  
  186  17:11  Stalker x6, Assimilator  
  186  17:13  Assimilator  
  200  17:16  Protoss Shields Level 2 (Chrono Boost)  
  196  17:36  Nexus  
  196  17:40  Pylon  
  196  17:41  Pylon  
  196  17:48  Probe x2  
  196  17:49  Probe  
  200  17:51  Probe  
  148  18:08  Stalker  
  148  18:09  Stalker x5  
  136  18:17  Dark Templar x3  
  136  18:18  Dark Templar x3  
  118  18:39  Stalker x9  
  118  18:40  Stalker  
  128  18:47  Observer x4  
  126  18:50  Zealot x4  
  126  18:51  Zealot x4  
  138  19:35  Protoss Shields Level 3 (Chrono Boost)  
  138  19:37  Stalker  
  138  19:38  Stalker x6  
  145  19:40  Probe x4  
  136  19:58  Zealot  
  136  19:59  Zealot x8  
  153  20:00  Zealot x2  
  134  20:20  Zealot x2  
  134  20:21  Zealot x13  
  126  20:22  Zealot x3  
  142  20:30  Probe x6  
  140  20:38  Nexus  
  140  20:40  Pylon  
  140  20:42  Probe x3  
  109  20:51  Zealot x9  
  109  20:52  Zealot x9  
  133  21:17  Probe  
  133  21:18  Probe x4  
  134  21:23  Colossus (Chrono Boost)  
  126  21:33  Colossus x2 (Chrono Boost)  
  126  21:34  Colossus (Chrono Boost)  
  126  21:37  Stalker x9  
  126  21:38  Stalker x9  
  162  21:41  Probe x6  
  168  21:53  Probe x3  
  171  21:55  Nexus  
  171  21:56  Pylon  
  171  22:00  Unknown  
  149  22:30  Zealot x5  
  149  22:31  Zealot x13  
  185  22:45  Nexus  
  141  23:09  Zealot x10  
  141  23:10  Zealot x8  
  158  23:29  Stalker  
  158  23:30  Stalker x11  
  182  23:45  Probe  
  182  23:46  Probe x5  
  188  23:57  Probe  
  171  24:16  Disruptor x3 (Chrono Boost)  
  171  24:17  Disruptor x2 (Chrono Boost)  
  146  24:36  Pylon, High Templar  
  146  24:37  High Templar x17  
  181  24:40  Archon x2  
  181  24:41  Archon x6  
  181  24:42  Archon  
  181  24:44  Observer x2  
  150  25:11  Stalker  
  150  25:12  Nexus, Stalker x6, Disruptor x2  
  150  25:13  Disruptor x2  
  174  25:33  Observer  
  164  25:58  Observer x2  
  69  26:20  Stalker  
  69  26:21  Stalker x13  
  69  26:22  Stalker x3  
  103  26:26  Disruptor x4  
  80  26:48  Stalker  
  80  26:50  High Templar x16  
  114  26:54  Archon x3  
  114  26:55  Archon x5  
  113  27:03  Observer  
  112  27:24  Zealot x5  
  112  27:25  Zealot x12  
Tags
 
Composition
Blink Stalkers
Matchup
ПvТ
Spawn Locations
Cross Positions
Add a new tag
Caveats
  • Supply blocks, unpowered buildings, or Contaminate may cause inaccurate times.
  • Supply counts are checked every 10 seconds.